 Dungeon Crawl Stone Soup version 0.17-a0-1850-g688e747 (webtiles) character file.

58 4thArraOfDagon the Firebug (level 4, -4/24 HPs)
             Began as a Tengu Fire Elementalist on Sept 18, 2015.
             Slain by an iguana (13 damage)
             ... on level 4 of the Dungeon.
             The game lasted 00:02:31 (618 turns).

4thArraOfDagon the Firebug (Tengu Fire Elementalist) Turns: 618, Time: 00:02:32

Health: -4/24      AC:  2    Str:  9    XL:     4   Next: 2%
Magic:  2/8        EV: 12    Int: 16    God:
Gold:   40         SH:  0    Dex: 14    Spells: 2 memorised, 3 levels left

rFire  . . .     SeeInvis .     g - +0 flail
rCold  . . .     Clarity  .     a - +0 robe
rNeg   . . .     SustAt   .     (no shield)
rPois  .         Gourm    .     (helmet restricted)
rElec  .         Spirit   .     (no cloak)
rCorr  .         Warding  .     (no gloves)
rMut   .         Stasis   .     (boots unavailable)
MR     .....                    (no amulet)
Stlth  ++........               (no ring)
                                (no ring)

@: very slightly contaminated, not resistant to hostile enchantments, unstealthy
A: beak, talons 3
a: no special abilities


You were on level 4 of the Dungeon.
You were not hungry.

You visited 1 branch of the dungeon, and saw 4 of its levels.

You collected 40 gold pieces.

Inventory:

Hand weapons
 g - a +0 flail (weapon)
Armour
 a - a +0 robe (worn)
Magical devices
 d - a wand of confusion (19)
Scrolls
 f - a scroll of random uselessness {unknown}
Potions
 i - 2 potions of haste {unknown}
 j - a potion of heal wounds {unknown}
Books
 b - a book of Flames

   Spells                             Type                      Level
   a - Flame Tongue                   Conjuration/Fire             1
   b - Throw Flame                    Conjuration/Fire             2
   c - Conjure Flame                  Conjuration/Fire             3
   d - Inner Flame                    Hexes/Fire                   3
   e - Sticky Flame                   Conjuration/Fire             4
   f - Fireball                       Conjuration/Fire             5
 e - a book of the Earth

   Spells                             Type                      Level
   a - Leda's Liquefaction            Hexes/Earth                  4
   b - Bolt of Magma                  Conjuration/Fire/Earth       5
   c - Statue Form                    Transmutation/Earth          6
   d - Iron Shot                      Conjuration/Earth            6
   e - Shatter                        Earth                        9
Comestibles
 c - a bread ration
 h - 3 chunks of flesh


   Skills:
 - Level 2.1 Dodging
 - Level 2.0 Stealth
 + Level 2.3 Spellcasting
 * Level 3.3 Conjurations
 * Level 4.1 Fire Magic


You had 3 spell levels left.
You knew the following spells:

 Your Spells              Type           Power        Failure   Level  Hunger
a - Flame Tongue          Conj/Fire      ##...        6%          1    #......
b - Conjure Flame         Conj/Fire      ##......     14%         3    ###....


Dungeon Overview and Level Annotations

Branches:
Dungeon (4/15)
 Temple: D:4-7

Altars:

Annotations:
D:3 4thArraOfDagon's ghost, weakling TeFE


Innate Abilities, Weirdness & Mutations

You have a beak for a mouth.
You have claws for feet.


Message History

Aim: an iguana (moderately wounded)
The flame tongue misses the iguana.
The iguana bites you!
Casting: Flame Tongue
Confirm with . or Enter, or press ? or * to list all spells.
Aiming: Flame Tongue
Press: ? - help, Shift-Dir - straight line, f/p - iguana
Aim: an iguana (moderately wounded)
You miscast Flame Tongue.
You are very lightly contaminated with residual magic.
You feel uncomfortably hot. The iguana bites you!
Casting: Flame Tongue
Confirm with . or Enter, or press ? or * to list all spells.
Aiming: Flame Tongue
Press: ? - help, Shift-Dir - straight line, f/p - iguana
Aim: an iguana (moderately wounded)
The flame tongue hits the iguana.
The iguana is moderately wounded.
The iguana bites you!
Ouch! That really hurt!
You die...

.. ≈≈ #.. ≈# ..
#... ≈≈ #.. #....
#≈ #... #.....###
≈##≈...
#.....##≈≈.....
#..............
.......##..#.....
.##.##. #@l.....#
# .. #.......#
?.. #.......# ...
#.......# ##..
#.......#
........#
..?.....#
.########


You could see an iguana.

Vanquished Creatures
  Natasha (D:3)
  3 adders
  A goblin (D:2)
  A bat (D:2)
  A giant cockroach (D:3)
  3 giant newts
  A kobold (D:2)
  A rat (D:2)
12 creatures vanquished.

Notes
Turn   | Place    | Note
--------------------------------------------------------------
     0 | D:1      | 4thArraOfDagon the Tengu Fire Elementalist began the quest for the Orb.
     0 | D:1      | Reached XP level 1. HP: 10/10 MP: 4/4
    65 | D:2      | Reached XP level 2. HP: 10/15 MP: 0/6
   407 | D:4      | Noticed Natasha
   417 | D:3      | Killed Natasha
   417 | D:3      | Reached skill level 4 in Fire Magic
   417 | D:3      | Reached XP level 3. HP: 12/19 MP: 1/7
   422 | D:3      | Learned a level 3 spell: Conjure Flame
   488 | D:3      | Reached XP level 4. HP: 15/24 MP: 3/8
   549 | D:3      | Noticed 4thArraOfDagon's ghost (weakling TeFE)
   618 | D:4      | Slain by an iguana

Vault maps used:
D:1:      dpeg_arrival_lava_temple_mockup
D:2:      lemuel_crystal_altar, evilmike_ruin_ashenzari,
          lemuel_coloured_pillars_altar
D:3:      overflow_temple_1_default, eino_tiny_chamber, kennysheep_small_spiral,
          uniq_terence, uniq_robin
D:4:      serial_shops, kennysheep_mini, minivault_4, uniq_natasha

Action                   |  1- 3 |  4- 6 || total
-------------------------+-------+-------++-------
Melee: Flail             |     1 |       ||     1
 Cast: Flame Tongue      |    19 |     5 ||    24
       Conjure Flame     |       |     2 ||     2
  Use: Potion            |     1 |       ||     1
 Stab: Sleeping          |     1 |       ||     1
